 Dungeon Crawl Stone Soup version 0.31-a0-963-ga325b2283a (console) character file.

Game seed: 16684693008829584829

57276 petzl the Thaumaturge (level 15, -1/172 HPs)
             Began as a Formicid Delver on Oct 22, 2023.
             Was a High Priest of Vehumet.
             Slain by a six-headed hydra (8 damage)
             ... on level 14 of the Dungeon on Oct 25, 2023.
             The game lasted 03:27:12 (34650 turns).

petzl the Thaumaturge (Formicid Delver)            Turns: 34650, Time: 03:27:14

Health: -1/172     AC: 36    Str: 18    XL:     15   Next: 25%
Magic:  3/30       EV:  2    Int: 22    God:    Vehumet [*****.]
Gold:   174        SH:  0    Dex: 15    Spells: 8/36 levels left

rFire   . . .        b - +2 falchion (elec)
rCold   . . .        (no shield)
rNeg    . . .        g - melded +2 robe of Uskayaw's Supremacy {rElec SInv}
rPois   +            (helmet unavailable)
rElec   .            t - melded +1 cloak
rCorr   .            O - melded +1 pair of gloves {Stlth+}
SInv    .            (boots currently unavailable)
Will    ++...        z - amulet of the acrobat
Stlth   +++          v - +6 ring of intelligence
HPRegen 0.48/turn    V - ring of willpower
MPRegen 0.22/turn

%: acrobat
@: ice-armoured, tree-form, acrobatic
A: stationary, stasis, torment immunity, boosted hp, permanent stasis, dig
shafts and tunnels, (antennae 3), four strong arms
a: Renounce Religion


You were on level 14 of the Dungeon.
You worshipped Vehumet.
Vehumet was extremely pleased with you.
You were a tree.
You visited 3 branches of the dungeon, and saw 20 of its levels.

You collected 1481 gold pieces.
You spent 1307 gold pieces at shops.

Inventory:

Hand Weapons
 a - a +5 shortbow of flaming
 b - a +2 falchion of electrocution (weapon)
 c - a +3 flail
 d - the +2 dagger of Isuzuda {elec, rPois rF+ rC+ Str+2, !f =f}
   (You found it on level 5 of the Dungeon)

   Str+2:     It affects your strength (+2).
   rF+:       It protects you from fire.
   rC+:       It protects you from cold.
   rPois:     It protects you from poison
 e - a +1 dagger of venom {!f =f}
 f - a +1 heavy shortbow
 j - a +2 flail of protection
 o - a +3 scimitar of flaming
 u - the +8 great mace of the Haunted God {freeze, rC+}
   (You found it on level 15 of the Dungeon)

   rC+:       It protects you from cold.
 K - a +3 dagger of chaos {!f =f}
 N - the +5 long sword of Maguacet {flame, rF+}
   (You found it on level 11 of the Dungeon)

   rF+:       It protects you from fire.
 S - a +0 orcbow
Missiles
 i - 11 boomerangs
 k - 16 javelins
 w - 18 poisoned darts
 H - 7 curare-tipped darts (quivered)
Armour
 g - the +2 robe of Uskayaw's Supremacy (melded) {rElec SInv}
   (You found it on level 7 of the Dungeon)

   rElec:     It insulates you from electricity.
   SInv:      It lets you see invisible.
 m - a +0 kite shield
 q - a +2 leather armour of willpower
 t - a +1 cloak (melded)
 I - a +1 ring mail of cold resistance
 O - a +1 pair of gloves of stealth (melded)
 P - a scarf of shadows
 R - a +2 leather armour of fire resistance
Jewellery
 l - an amulet of regeneration
 v - a +6 ring of intelligence (left branch)
 z - an amulet of the acrobat (around neck)
 L - a ring of protection from cold
 V - a ring of willpower (right branch)
 W - a +5 ring of evasion
Wands
 C - a wand of iceblast (7)
 D - a wand of flame (13)
Scrolls
 h - a scroll of vulnerability
 p - 2 scrolls of poison
 x - 2 scrolls of immolation
 y - a scroll of amnesia
 A - 4 scrolls of enchant armour
 B - 3 scrolls of silence
Potions
 n - 2 potions of might
 E - a potion of cancellation
 F - a potion of magic
 G - 2 potions of enlightenment
 J - a potion of mutation
 M - 4 potions of brilliance
 U - a potion of ambrosia {unknown}


   Skills:
 + Level 9.8 Fighting
 - Level 2.0 Short Blades
 - Level 2.0 Maces & Flails
 - Level 6.0 Ranged Weapons
 - Level 5.0 Armour
 - Level 4.0 Dodging
 - Level 7.0 Stealth
 + Level 4.9 Shields
 + Level 11.0 Spellcasting
 + Level 10.7 Conjurations
 - Level 7.5 Necromancy
 * Level 5.7 Translocations
 - Level 4.4 Fire Magic
 + Level 7.0 Ice Magic
 * Level 5.4 Air Magic
 + Level 7.0 Poison Magic
 - Level 3.0 Evocations


You had 8 spell levels left.
You knew the following spells:

 Your Spells              Type           Power      Damage    Failure   Level
a - Iskenderun's Mystic   Conj/Tloc      48%        2d11      1%          4
b - Foxfire               Conj/Fire      100%       2x1d9     1%          1
c - Slow                  Hex            48%        N/A       5%          1
d - Fulminant Prism       Conj/Hex       17%        3d10      1%          4
m - Mephitic Cloud        Conj/Pois/Air  46%        N/A       1%          3
u - Sublimation of Blood  Necr           45%        N/A       1%          2
A - Ozocubu's Armour      Ice            43%        N/A       1%          3
C - Conjure Ball Lightni  Conj/Air       23%        3x3d6     9%          6
T - Olgreb's Toxic Radia  Pois           43%        N/A       1%          4

Your spell library contained the following spells:

 Spells                   Type           Power      Damage    Failure   Level
 Magic Dart               Conj           100%       1d8       1%          1
 Necrotise                Necr           100%       1d9       1%          1
 Sandblast                Erth           24%        2d8       1%          1
 Shock                    Conj/Air       100%       1d9       1%          1
 Gell's Gravitas          Tloc           37%        N/A       1%          3
 Teleport Other           Tloc           37%        N/A       1%          3
 Vampiric Draining        Necr           45%        2d9       1%          3
 Volatile Blastmotes      Fire/Tloc      68%        2d15      1%          3
 Summon Small Mammal      Summ           48%        N/A       5%          1
 Call Imp                 Summ           24%        N/A       9%          2
 Wereblood                Tmut           12%        N/A       9%          2
 Call Canine Familiar     Summ           12%        N/A       16%         3
 Confusing Touch          Hex            12%        N/A       16%         3
 Sigil of Binding         Hex            12%        N/A       16%         3
 Bombard                  Conj/Erth      17%        9d4       24%         6
 Metabolic Englaciation   Hex/Ice        13%        N/A       34%         5
 Lee's Rapid Deconstruct  Erth           6%         3d6*      36%         5
 Simulacrum               Ice/Necr       22%        N/A       38%         6
 Leda's Liquefaction      Hex/Erth       6%         N/A       47%         4
 Dispersal                Tloc           18%        N/A       61%         6
 Summon Hydra             Summ           6%         N/A       100%        7


Dungeon Overview and Level Annotations

Branches:
Dungeon (15/15)            Temple (1/1) D:7            Lair (5/5) D:8
 Shoals (0/4) Lair:2       Spider (0/4) Lair:2        Slime (0/5) Lair:4
    Orc (0/2) D:12         Depths (0/4) D:15
 Vaults: D:13-14

Altars:
Ashenzari
Cheibriados
Dithmenos
Elyvilon
Fedhas
Gozag
Hepliaklqana
Kikubaaqudgha
Makhleb
Nemelex Xobeh
Okawaru
Qazlal
Ru
Sif Muna
Trog
Uskayaw
Vehumet
Wu Jian
Xom
Yredelemnul
Zin
The Shining One
Jiyva

Shops:
D:1 :   D:2 [   D:5 ?

Portals:
Trove: D:10 (show abyssal rune of Zot)

Annotations:
D:11 exclusion: downstairs
D:14 exclusion: tengu warrior, Agnes
D:15 exclusion: ice statue


Innate Abilities, Weirdness & Mutations

You are a tree.
Your roots penetrate the ground, keeping you stationary.
You cannot be teleported.
You are immune to unholy pain and torment.
Your maximum health is greatly increased.
Your equipment is partially melded.
You cannot be hasted, slowed, berserked, paralysed or teleported.
You can dig through walls and to a lower floor.
((You have a pair of large antennae on your head. (SInv)))
Your four strong arms can wield two-handed weapons with a shield.


Message History

The six-headed hydra bites you but does no damage. x4
The six-headed hydra bites you!
* * * LOW HITPOINT WARNING * * *
The six-headed hydra bites you but does no damage.
Unknown command.
Unknown command.
Unknown command.
Unknown command.
Unknown command.
Press: ? - help, v - describe, . - travel
Here: a six-headed hydra (severely wounded)
The floor.
Unknown command.
Unknown command.
Unknown command.
Casting: Ozocubu's Armour (safe; 1% risk of failure)
Confirm with . or Enter, or press ? or * to list all spells.
Aiming: Slow (safe; 5% risk of failure)
Press: ? - help, Shift-Dir - straight line, f - six-headed hydra
Aim: a six-headed hydra (severely wounded, chance to affect: 15%)
Okay, then.
Unknown command.
Unknown command.
Unknown command.
Casting: Slow (safe; 5% risk of failure)
Confirm with . or Enter, or press ? or * to list all spells.
You conjure some foxfire!
The six-headed hydra bites you but does no damage. x3
The six-headed hydra bites you.
* * * LOW HITPOINT WARNING * * *
The six-headed hydra bites you but does no damage. x2
The foxfire hits the six-headed hydra.
The six-headed hydra is severely wounded.
The foxfire hits the six-headed hydra.
The six-headed hydra is severely wounded.
The six-headed hydra bites you but does no damage. x2
The six-headed hydra bites you.
* * * LOW HITPOINT WARNING * * *
The six-headed hydra bites you!
You die...

#+######.. #.........
##+###....).... ..( #.....>........
....##### #......######## .........
#......#.......
#......####......#.......
#......#.........'.......
#......#.........######## ..
+......#................. ....
#......'.......##########
....######......#.......#.......
..................#.......#.......
...........#####..#######'#.......
..........#...#..................
#........#...#..................
#........+...#......(...........
#####........##'##........c.........
#...............D♣..........#####...
#.................§.........# .
#####.....############......#
#.....# #......# ####### #......#
########


You could see a six-headed hydra.

Vanquished Creatures
  3 hydras
  A two-headed ogre (D:10)
  3 death yaks (D:8)
  3 catoblepae
  Sonja (Lair:1)
  5 skysharks
  A glowing orange brain (shapeshifter) (D:14)
  A swamp dragon (Lair:5)
  2 lindwurms (Lair:5)
  2 cyclopes
  4 ugly things (D:15)
  9 elephants
  2 manticores (Lair:5)
  9 black mambas
  5 torpor snails
  A gargoyle (D:11)
  12 cane toads
  Psyche (D:9)
  An efreet (D:15)
  7 rime drakes
  A kobold demonologist (D:9)
  6 komodo dragons
  5 polar bears
  3 merfolk (Lair:2)
  A meliai (Lair:2)
  2 trolls
  8 blink frogs
  A hornet (Lair:3)
  11 dream sheep
  3 slime creatures (D:15)
  2 wraiths (D:11)
  A shadow (D:11)
  A hog (shapeshifter) (D:15)
  7 wyverns
  8 basilisks
  71 yaks
  2 water elementals (D:11)
  Grum (Lair:1)
  A human (D:11)
  3 steam dragons
  5 acid dragons
  6 water moccasins
  A black bear (Lair:5)
  2 orc warriors
  A sky beast (D:8)
  2 ice beasts (D:4)
  2 ogres
  A swamp drake (Lair:5)
  4 boggarts (Lair:5)
  16 wolves
  A phantom (D:5)
  A centaur (D:8)
  2 kobold brigands
  15 bullfrogs
  A scorpion (D:6)
  6 wights
  12 killer bees
  7 electric eels
  7 howler monkeys
  4 hounds
  10 jellies
  A gnoll bouda (D:8)
  4 orc priests
  8 iguanas
  11 orc wizards
  2 hell rats
  Robin (D:2)
  3 gnolls (D:8)
  A river rat (D:8)
  7 adders
  2 shadow imps
  3 white imps
  5 worms
  4 dart slugs
  41 orcs
  10 bats
  6 endoplasms
  2 giant cockroaches
  15 goblins
  8 hobgoblins
  7 quokkas
  10 ball pythons
  5 frilled lizards
  14 kobolds
  7 rats
  2 fulminant prisms (D:15)
496 creatures vanquished.

Vanquished Creatures (collateral kills)
  A killer bee (D:10)
  7 ball lightnings
  A foxfire (Lair:5)
9 creatures vanquished.

Vanquished Creatures (others)
  A killer bee (D:10)
  An iguana (Lair:5)
  53 ball lightnings
  102 foxfires
  3 fulminant prisms (D:15)
160 creatures vanquished.

Grand Total: 665 creatures vanquished

Notes
Turn   | Place    | Note
-------+----------+-------------------------------------------
     0 | D:5      | petzl the Formicid Delver began the quest for the Orb.
     0 | D:5      | Reached XP level 1. HP: 18/18 MP: 1/1
    49 | D:6      | Reached skill level 1 in Spellcasting
    49 | D:6      | Reached XP level 2. HP: 16/24 MP: 1/4
   147 | D:5      | Noticed a phantom
   181 | D:7      | Identified the +2 robe of Uskayaw's Supremacy {rElec SInv}
   268 | D:5      | Reached skill level 2 in Spellcasting
   299 | D:5      | Found Fefuc's Magic Scroll Emporium.
   335 | D:5      | Identified the +2 dagger of Isuzuda {elec, rPois rF+ rC+
                  | Str+2}
   378 | D:5      | Found a shimmering altar of Xom.
   388 | D:5      | Bought a scroll of identify for 30 gold pieces
   459 | D:5      | Reached XP level 3. HP: 28/28 MP: 6/6
   495 | D:4      | Reached skill level 3 in Spellcasting
   495 | D:4      | Reached XP level 4. HP: 32/35 MP: 9/9
   543 | D:5      | Bought a scroll of identify for 30 gold pieces
   652 | D:4      | Reached skill level 1 in Short Blades
   943 | D:2      | Found a faded altar of an unknown god.
  1049 | D:2      | Reached XP level 5. HP: 39/41 MP: 10/10
  1135 | D:2      | Noticed an animated pearl dragon scales
  1140 | D:2      | Noticed an animated gold dragon scales
  1143 | D:2      | Found Logoedy's Armour Shop.
  1363 | D:1      | Reached skill level 4 in Spellcasting
  1411 | D:1      | Found Asueceal's Book Emporium.
  2077 | D:2      | Noticed Robin
  2106 | D:2      | Killed Robin
  2638 | D:3      | Reached XP level 6. HP: 43/47 MP: 12/12
  3140 | D:4      | Found a shadowy altar of Dithmenos.
  3300 | D:4      | Noticed an ice beast
  3331 | D:4      | Killed an ice beast
  3332 | D:4      | Reached skill level 1 in Ranged Weapons
  3332 | D:4      | Reached skill level 1 in Armour
  3332 | D:4      | Reached skill level 1 in Evocations
  3386 | D:4      | Noticed an ogre
  3428 | D:5      | Noticed an ice beast
  3689 | D:4      | You fall into a shaft and drop 2 floors!
  3721 | D:6      | Found a broken altar of Ashenzari.
  3759 | D:6      | Noticed an ogre
  3847 | D:6      | Reached XP level 7. HP: 20/50 MP: 13/13
  3883 | D:6      | Noticed a troll
  3894 | D:6      | Killed a troll
  3954 | D:6      | Reached skill level 5 in Spellcasting
  4055 | D:5      | Reached XP level 8. HP: 60/60 MP: 15/15
  4542 | D:5      | Learned a level 4 spell: Iskenderun's Mystic Blast
  4545 | D:5      | Learned a level 2 spell: Sublimation of Blood
  4603 | D:5      | Found a bloodstained altar of Trog.
  4606 | D:5      | Found an ornate altar of the Wu Jian Council.
  4608 | D:5      | Found a radiant altar of Vehumet.
  4843 | D:5      | Became a worshipper of Vehumet
  5712 | D:6      | Reached skill level 1 in Conjurations
  6279 | D:6      | Reached skill level 1 in Necromancy
  6279 | D:6      | Reached skill level 1 in Translocations
  6778 | D:7      | Reached XP level 9. HP: 57/64 MP: 17/17
  6910 | D:7      | Found a staircase to the Ecumenical Temple.
  6922 | Temple   | Entered the Ecumenical Temple
  6969 | D:7      | Reached skill level 5 in Fighting
  8094 | D:8      | Reached * piety under Vehumet
  8094 | D:8      | Offered knowledge of Foxfire by Vehumet.
  8097 | D:8      | Learned a level 1 spell: Foxfire
  8103 | D:8      | HP: 2/64 [wight/+3 dire flail (14)]
  8105 | D:8      | You fall into a shaft and drop 2 floors!
  8105 | D:10     | Entered Level 10 of the Dungeon
  8641 | D:8      | Noticed a death yak
  8643 | D:8      | Noticed a death yak
  9100 | D:9      | You fall into a shaft and drop 2 floors!
  9273 | D:11     | Reached skill level 6 in Spellcasting
  9469 | D:12     | Identified the of Ciut
  9469 | D:12     | Noticed a skeletal warrior
  9566 | D:11     | Identified the +5 long sword of Maguacet {flame, rF+}
  9583 | D:11     | Reached XP level 10. HP: 67/76 MP: 19/19
  9797 | D:8      | Noticed a death yak
  9816 | D:8      | Killed a death yak
  9820 | D:8      | Killed a death yak
  9821 | D:8      | Reached skill level 5 in Armour
  9830 | D:8      | You fall into a shaft and drop 1 floor!
 10257 | D:8      | Killed a death yak
 10258 | D:8      | Reached skill level 5 in Conjurations
 10467 | D:8      | Found a staircase to the Lair.
 10600 | D:8      | Found an opulent altar of Gozag.
 10601 | D:8      | Found a sparkling altar of Nemelex Xobeh.
 10609 | D:8      | Reached skill level 5 in Translocations
 10862 | D:9      | Noticed Psyche
 10911 | D:9      | You fall into a shaft and drop 1 floor!
 11147 | D:9      | Noticed a kobold demonologist
 11149 | D:9      | Killed a kobold demonologist
 11277 | D:9      | Reached skill level 7 in Spellcasting
 11286 | D:9      | You fall into a shaft and drop 1 floor!
 11387 | D:10     | Reached XP level 11. HP: 79/81 MP: 4/21
 11497 | D:10     | Noticed a two-headed ogre
 11792 | D:9      | Killed Psyche
 11823 | D:9      | Reached ** piety under Vehumet
 11823 | D:9      | Offered knowledge of Magic Dart by Vehumet.
 12210 | D:9      | You fall into a shaft and drop 3 floors!
 12423 | D:11     | Noticed a cyclops
 12443 | D:12     | Noticed a cyclops
 12687 | D:10     | Found a portal to a secret trove of treasure.
 13162 | D:5      | Bought a scroll of fear for 60 gold pieces
 13162 | D:5      | Bought a scroll of fear for 60 gold pieces
 13162 | D:5      | Bought a scroll of enchant weapon for 112 gold pieces
 13535 | D:2      | Bought a +1 pair of gloves of stealth for 231 gold pieces
 13619 | D:1      | Bought a book of Minor Magic for 252 gold pieces
 13623 | D:1      | Learned a level 3 spell: Mephitic Cloud
 13883 | Lair:1   | Entered Level 1 of the Lair of Beasts
 14373 | D:11     | Reached skill level 5 in Necromancy
 14373 | D:11     | Reached skill level 1 in Poison Magic
 15088 | D:10     | Reached skill level 1 in Air Magic
 15462 | D:10     | Offered knowledge of Scorch by Vehumet.
 15661 | D:10     | Killed a two-headed ogre
 16102 | D:11     | Killed a cyclops
 16841 | D:12     | Noticed a skeletal warrior
 16841 | D:12     | Noticed a skeletal warrior
 16999 | D:12     | Killed a cyclops
 17215 | D:11     | Reached XP level 12. HP: 88/91 MP: 23/23
 17267 | D:11     | Reached skill level 8 in Spellcasting
 17348 | D:12     | Found a staircase to the Orcish Mines.
 18042 | Lair:1   | You fall into a shaft and drop 1 floor!
 18127 | Lair:2   | You fall into a shaft and drop 2 floors!
 18127 | Lair:4   | Identified the of Xinloomou
 18133 | Lair:4   | Found a glowing golden altar of the Shining One.
 18143 | Lair:4   | Reached *** piety under Vehumet
 18177 | Lair:4   | Reached skill level 5 in Ranged Weapons
 18177 | Lair:4   | Reached skill level 1 in Fire Magic
 18203 | Lair:4   | Offered knowledge of Inner Flame by Vehumet.
 18460 | Lair:4   | Noticed a skyshark
 19055 | Lair:4   | Killed a skyshark
 19377 | Lair:5   | Entered Level 5 of the Lair of Beasts
 19382 | Lair:5   | Noticed a skyshark
 19388 | Lair:5   | Noticed a five-headed hydra
 19392 | Lair:5   | Killed a skyshark
 19524 | Lair:3   | Reached skill level 9 in Spellcasting
 19694 | Lair:3   | Reached **** piety under Vehumet
 20069 | Lair:2   | Noticed a skyshark
 20144 | Lair:1   | Reached XP level 13. HP: 98/98 MP: 16/26
 20180 | Lair:1   | Offered knowledge of Frozen Ramparts by Vehumet.
 20527 | Lair:1   | Noticed Sonja
 20573 | Lair:1   | Noticed a five-headed hydra
 20650 | Lair:1   | Noticed Grum
 20674 | Lair:1   | Killed Grum
 20943 | Lair:2   | Noticed a catoblepas
 20944 | Lair:2   | You fall into a shaft and drop 1 floor!
 21349 | Lair:1   | Killed Sonja
 21582 | Lair:2   | Found a hole to the Spider Nest.
 22845 | Lair:4   | Found a viscous altar of Jiyva.
 23090 | Lair:1   | Reached skill level 10 in Spellcasting
 23399 | D:1      | Bought the Compendium of the Pestilent Familiar for 532
                  | gold pieces
 23404 | D:1      | Learned a level 4 spell: Olgreb's Toxic Radiance
 23956 | Lair:1   | Killed a five-headed hydra
 24767 | Lair:2   | Killed a catoblepas
 25092 | Lair:2   | Found a staircase to the Shoals.
 25236 | Lair:2   | Reached skill level 10 in Conjurations
 25275 | Lair:2   | Reached skill level 1 in Shields
 25555 | Lair:2   | Reached XP level 14. HP: 96/108 MP: 6/28
 26006 | Lair:3   | Learned a level 3 spell: Ozocubu's Armour
 26064 | Lair:2   | Reached skill level 1 in Ice Magic
 27165 | Lair:4   | Found a staircase to the Slime Pits.
 27394 | Lair:5   | Reached skill level 5 in Ice Magic
 27397 | Lair:5   | Reached ***** piety under Vehumet
 27403 | Lair:5   | Offered knowledge of Brom's Barrelling Boulder by Vehumet.
 28713 | Lair:5   | Reached skill level 5 in Poison Magic
 29795 | Lair:5   | Reached skill level 5 in Air Magic
 31424 | Lair:5   | Reached XP level 15. HP: 105/114 MP: 27/29
 31733 | Lair:5   | Offered knowledge of Conjure Ball Lightning by Vehumet.
 31744 | Lair:5   | Learned a level 6 spell: Conjure Ball Lightning
 32629 | D:11     | You fall into a shaft and drop 3 floors!
 32927 | D:14     | Noticed Agnes
 32934 | D:14     | You fall into a shaft and drop 1 floor!
 32934 | D:15     | Entered Level 15 of the Dungeon
 33096 | D:15     | Learned a level 1 spell: Slow
 33096 | D:15     | Found a frozen archway.
 33440 | D:15     | Learned a level 4 spell: Fulminant Prism
 34092 | D:15     | Reached skill level 11 in Spellcasting
 34355 | D:15     | Upgraded the game from 0.31-a0-949-g57150269e1 to
                  | 0.31-a0-963-ga325b2283a
 34463 | D:15     | Identified the +8 great mace of the Haunted God {freeze,
                  | rC+}
 34650 | D:14     | HP: 7/172 [six-headed hydra (5)]
 34650 | D:14     | Slain by a six-headed hydra

Illustrated notes

Levels and vault maps discovered:
D:1:      ncdulo_smallfort, layout_loops_ring, serial_shops, shop
D:2:      layout_basic, serial_shops, nicolae_shop_mannequins,
          chequers_ecumenical_altar_twisty, st_stairs_7, uniq_robin
D:3:      layout_loops_ring
D:4:      layout_basic, mainiacjoe_overflow_alcove_1
D:5:      layout_loops_ring, grunt_temple_overflow_diamond, kennysheep_mini,
          serial_shops, nicolae_shop_tiny_waterfront,
          nicolae_houndstooth_variations
D:6:      layout_loops_ring, mainiacjoe_overflow_boulevard
D:7:      layout_rooms, temple_statues
D:8:      layout_gridville, grunt_temple_overflow_opulence, dpeg_lair_monsters
D:9:      layout_irregular_city, minmay_misc_feat_plants, uniq_psyche
D:10:     layout_stronghold, enter_trove_6, water_maze_lemuel
D:11:     layout_basic, gauntlet_entry_generic
D:12:     layout_loops_cross, erik_orc_4, nzn_life_drinkers
D:14:     layout_irregular_city, grunt_qazlal_clouds, uniq_agnes
D:15:     gammafunk_enter_depths_forms, layout_rooms,
          portal_ice_cave_entry_ice_statue_one, kennysheep_pointless_box
Temple:   eino_temple_water
Lair:1:   layout_concentric_octagons, pdpol_lair_neglected_garden,
          minmay_shattered_shrine, uniq_grum, uniq_sonja
Lair:2:   layout_small_grid, elwin_shoals_entry_rooms,
          hellmonk_spider_entry_not_the_bees, wad_woods_06
Lair:3:   layout_cellular_growth
Lair:4:   layout_loops_ring, slime_entry_2, basic_altar
Lair:5:   hangedman_lair_in_review, layout_regular_city,
          guppyfry_lair_end_dragon, kilobyte_rumbling_trees

Skill      XL: |  1  2  3  4  5  6  7  8  9 10 11 12 13 14 15 |
---------------+----------------------------------------------+-----
Spellcasting   | 1 2 3 4 5 6 7 9 10 11 | 11.0
Short Blades   | 1 2 |  2.0
Ranged Weapons | 1 2 3 4 5 6 |  6.0
Armour         | 1 2 3 4 5 |  5.0
Dodging        | 2 3 4 |  4.0
Evocations     | 1 2 3 |  3.0
Fighting       | 4 5 6 7 8 9 |  9.8
Stealth        | 7 |  7.0
Conjurations   | 1 3 6 7 8 10 | 10.7
Necromancy     | 1 2 4 5 6 7 |  7.5
Translocations | 1 3 5 |  5.7
Poison Magic   | 3 4 6 7 |  7.0
Air Magic      | 2 3 4 5 |  5.4
Fire Magic     | 2 4 |  4.4
Shields        | 1 4 |  4.9
Ice Magic      | 6 7 |  7.0
Maces & Flails | |  2.0

Action                     |  1- 3 |  4- 6 |  7- 9 | 10-12 | 13-15 || total
---------------------------+-------+-------+-------+-------+-------++-------
  Melee: Mace              |    13 |       |       |       |       ||    13
         Dagger            |     9 |   197 |   188 |   106 |    56 ||   556
         Punch             |       |     3 |     4 |     6 |     6 ||    19
         Falchion          |       |       |    24 |    92 |    68 ||   184
         Long sword        |       |       |    12 |     4 |       ||    16
         Flail             |       |       |     4 |   100 |    33 ||   137
   Fire: Sling             |       |    44 |       |       |       ||    44
         Shortbow          |       |    18 |   155 |   182 |   235 ||   590
  Throw: Dart              |       |       |    10 |    36 |     9 ||    55
   Cast: Foxfire           |       |       |    14 |     6 |    40 ||    60
         Iskenderun's Myst |       |       |       |    98 |   237 ||   335
         Mephitic Cloud    |       |       |       |    52 |    74 ||   126
         Olgreb's Toxic Ra |       |       |       |       |    94 ||    94
         Ozocubu's Armour  |       |       |       |       |     2 ||     2
         Conjure Ball Ligh |       |       |       |       |    28 ||    28
         Fulminant Prism   |       |       |       |       |     5 ||     5
         Sublimation of Bl |       |       |       |       |     1 ||     1
Ability: Dig               |     1 |     1 |     3 |     4 |     6 ||    15
         Shaft Self        |       |     1 |     2 |     6 |     4 ||    13
  Evoke: Wand              |       |     4 |    15 |    16 |     5 ||    40
    Use: Scroll            |     1 |     5 |     5 |    13 |     8 ||    32
         Potion            |       |       |     4 |     6 |    10 ||    20
   Stab: Sleeping          |     3 |    19 |       |       |       ||    22
         Confused          |       |       |       |    13 |     7 ||    20
         Distracted        |       |       |       |     1 |       ||     1
         Petrifying        |       |       |       |       |     1 ||     1
 Armour: Leather armour    |     6 |       |   104 |   291 |   213 ||   614
         Robe              |     9 |   100 |    74 |     8 |   179 ||   370
         Skin              |       |       |       |       |    16 ||    16
  Dodge: Dodged            |    10 |   104 |   173 |   396 |   376 ||  1059

Table legend: (Time is in decaauts)
 A = Elapsed time spent in this place.
 B = Non-inter-level travel time spent in this place.
 C = Inter-level travel time spent in this place.
 D = Time resting spent in this place.
 E = Time spent auto-exploring this place.
 F = Levels seen in this place.
 G = Mean time per level.
                   A        B        C        D        E       F      G
               +--------+--------+--------+--------+--------+-----+--------+
         Total |  35023 |  32016 |   3007 |  13015 |   7831 |  20 | 1751.2 |
       Dungeon |  20362 |  18066 |   2296 |   6004 |   5850 |  14 | 1454.4 |
        Temple |      1 |      1 |      0 |      0 |      0 |   1 |    1.0 |
          Lair |  14659 |  13948 |    711 |   7011 |   1981 |   5 | 2931.8 |
               +--------+--------+--------+--------+--------+-----+--------+

Top non-repeatable levels by time:
  Lair:5: 3991 daAuts
  Lair:2: 2934 daAuts
  Lair:4: 2824 daAuts
  Lair:1: 2609 daAuts
    D:10: 2601 daAuts
    D:11: 2507 daAuts
  Lair:3: 2299 daAuts
     D:8: 2021 daAuts
     D:5: 1873 daAuts
     D:6: 1689 daAuts
     D:7: 1628 daAuts
    D:15: 1535 daAuts
     D:9: 1535 daAuts
     D:4: 1126 daAuts
     D:2: 1022 daAuts
